 Dungeon Crawl Stone Soup version 0.29-a0-1061-gbc57f8fbdb (webtiles) character file.

Game seed: 2086420245103803026

18 BritishOli the Trooper (level 2, 0/24 HPs)
             Began as a Demonspawn Fighter on Aug 18, 2022.
             Slain by a worm (8 damage)
             ... on level 2 of the Dungeon.
             The game lasted 00:00:51 (990 turns).

BritishOli the Trooper (Demonspawn Fighter)          Turns: 990, Time: 00:00:52

Health: 0/24       AC:  6    Str: 16    XL:     2   Next: 51%
Magic:  2/2        EV:  8    Int:  9    God:
Gold:   18         SH:  4    Dex: 12    Spells: 1/1 levels left

rFire   . . .      SeeInvis .   a - +0 long sword
rCold   . . .      Faith    .   c - +0 buckler
rNeg    . . .      Spirit   .   b - +0 scale mail
rPois   .          Reflect  .   (no helmet)
rElec   .          Harm     .   (no cloak)
rCorr   .          Rampage  .   (no gloves)
Will    .....                   (no boots)
Stlth   ..........              (no amulet)
HPRegen 0.08/turn               (no ring)
MPRegen 0.08/turn               (no ring)

@: no status effects
A: demonic guardian 1
a: no special abilities


You were on level 2 of the Dungeon.
You visited 1 branch of the dungeon, and saw 2 of its levels.

You collected 18 gold pieces.

Inventory:

Hand Weapons
 a - a +0 long sword (weapon)
Armour
 b - a +0 scale mail (worn)
 c - a +0 buckler (worn)
Scrolls
 e - a scroll of identify {unknown}
 f - a scroll of blinking {unknown}
 g - a scroll of silence {unknown}
Potions
 d - a potion of might


   Skills:
 + Level 3.2 Fighting
 + Level 2.1 Long Blades
 + Level 2.9 Armour
 + Level 2.9 Shields


You had one spell level left.
You didn't know any spells.
Your spell library was empty.

Dungeon Overview and Level Annotations

Branches:
Dungeon (2/15)

Altars:


Innate Abilities, Weirdness & Mutations

A weak demonic guardian rushes to your aid.


Message History

You see here a +0 trident.
A dart slug comes into view.
The dart slug launches a dart at you.
The slug dart hits you but does no damage.
You hit the dart slug.
The dart slug is lightly wounded.
The dart slug launches a dart at you. The slug dart hits you.
You hit the dart slug but do no damage.
The dart slug is lightly wounded.
The dart slug launches a dart at you. The slug dart hits you.
You hit the dart slug.
The dart slug is moderately wounded.
The dart slug launches a dart at you.
The slug dart hits you but does no damage.
You slash the dart slug!
You kill the dart slug!
No target in view!
No target in view!
No target in view!
A worm comes into view.
A worm is nearby!
A worm is nearby!
The worm bites you.
You barely miss the worm. The worm bites you!
A demonic guardian appears!
You are too injured to fight recklessly!
You are too injured to fight recklessly!
Your shadow imp hits the worm.
You block the worm's attack.
Your shadow imp hits the worm.
You hit the worm.
The worm is heavily wounded.
Your shadow imp hits the worm.
The worm closely misses you.
You barely miss the worm.
The worm is severely wounded.
Your shadow imp barely misses the worm.
You hit the worm.
The worm is almost dead.
Your shadow imp barely misses the worm.
The worm bites you!
You die...

.. #.# ... #.# #.#
#.# #..##.# #..#.#
#.5.# # #.
#w.####.### #.
#.@...†...# #.####
##.###.##..# #....#
#...# ... #....#
#...# ##.# ##....#
#.).# ..#
####.....### ##.###
...
#..........####...#
.#.
....#...#....###.#
.. ###
#...####.....###


You could see a worm (ally target) and a friendly shadow imp (summoned).

Vanquished Creatures
  An adder (D:2)
  A worm (D:2)
  A dart slug (D:2)
  A kobold (D:1)
  A quokka (D:2)
  A ball python (D:2)
6 creatures vanquished.

Notes
Turn   | Place    | Note
-------+----------+-------------------------------------------
     0 | D:1      | BritishOli the Demonspawn Fighter began the quest for the
                  | Orb.
     0 | D:1      | Reached XP level 1. HP: 18/18 MP: 1/1
   195 | D:2      | Gained mutation: A weak demonic guardian rushes to your
                  | aid. [demonic ancestry]
   195 | D:2      | Reached XP level 2. HP: 3/24 MP: 2/2
   990 | D:2      | Slain by a worm

Illustrated notes

Levels and vault maps discovered:
D:1:      dpeg_arrival_water_fire, layout_basic
D:2:      layout_rooms, uniq_crazy_yiuf_cottage

Skill      XL: |  1 |
---------------+----+-----
Long Blades    | 2 |  2.1
Fighting       | |  3.2
Armour         | |  2.9
Shields        | |  2.9

Action                   || total
-------------------------++-------
Melee: Long sword        ||    50
Armor: Scale mail        ||    24
Dodge: Dodged            ||    24
Block: Buckler           ||    16

Table legend: (Time is in decaauts)
 A = Elapsed time spent in this place.
 B = Non-inter-level travel time spent in this place.
 C = Inter-level travel time spent in this place.
 D = Time resting spent in this place.
 E = Time spent auto-exploring this place.
 F = Levels seen in this place.
 G = Mean time per level.
                   A        B        C        D        E       F      G
               +--------+--------+--------+--------+--------+-----+--------+
         Total |   1008 |    990 |     18 |    662 |    191 |   2 |  504.0 |
       Dungeon |   1008 |    990 |     18 |    662 |    191 |   2 |  504.0 |
               +--------+--------+--------+--------+--------+-----+--------+

Top non-repeatable levels by time:
     D:1: 531 daAuts
     D:2: 476 daAuts
